 Dungeon Crawl Stone Soup version 0.19.3-1-g3169bf9 (webtiles) character file.

20898 Messajah the Carver (level 12, -1/115 HPs)
             Began as a Minotaur Fighter on Jan 25, 2017.
             Was a High Priest of Okawaru.
             Slain by Rupert
             ... wielding a +2 great mace of protection
              (22 damage)
             ... on level 3 of the Lair of Beasts.
             The game lasted 00:55:35 (13448 turns).

Messajah the Carver (Minotaur Fighter)             Turns: 13448, Time: 00:55:35

Health: -1/115     AC: 24    Str: 21    XL:     12   Next: 49%
Magic:  13/20      EV: 17    Int:  5    God:    Okawaru [*****.]
Gold:   612        SH:  6    Dex: 15    Spells: 0 memorised, 11 levels left

rFire  . . .     SeeInvis .     C - +6 long sword of the Extremes {freeze, rElec MP+9 Str-2}
rCold  . . .     Gourm    .     S - +4 chain mail "Beuthriq" {rPois Str+2}
rNeg   . . .     Faith    .     (no shield)
rPois  +         Spirit   .     j - +1 hat
rElec  +         Reflect  +     K - +2 cloak
rCorr  .         Harm     .     q - +0 pair of gloves
MR     +....                    (no boots)
Stlth  ..........               W - +6 amulet of reflection
                                (no ring)
                                Q - ring of protection from magic

@: heroism, finesse, frozen, very slow
A: retaliatory headbutt, horns 2
a: Heroism, Finesse, Renounce Religion


You were on level 3 of the Lair of Beasts.
You worshipped Okawaru.
Okawaru was extremely pleased with you.
You were not hungry.

You visited 3 branches of the dungeon, and saw 14 of its levels.

You collected 612 gold pieces.

Inventory:

Hand Weapons
 u - a +2 scimitar of holy wrath
 C - the +6 long sword of the Extremes (weapon) {freeze, rElec MP+9 Str-2}
   (You found it on level 4 of the Dungeon)

   It has been specially enchanted to freeze those struck by it, causing extra
   injury to most foes and up to half again as much damage against particularly
   susceptible opponents.
   It can also slow down cold-blooded creatures.
   It affects your strength (-2).
   It insulates you from electricity.
   It affects your magic capacity (+9).
Missiles
 I - 7 javelins of returning (quivered)
 R - a throwing net
Armour
 j - a +1 hat (worn)
 q - a +0 pair of gloves (worn)
 K - a +2 cloak (worn)
 S - the +4 chain mail "Beuthriq" (worn) {rPois Str+2}
   (You found it on level 2 of the Lair of Beasts)

   It affects your strength (+2).
   It protects you from poison.
Jewellery
 H - an uncursed amulet of harm
 O - an uncursed ring of ice
 Q - a ring of protection from magic (left hand)
 W - a +6 amulet of reflection (around neck)
Wands
 e - a wand of disintegration (7/24)
 k - a wand of paralysis (14/24)
 t - a wand of slowing (11/48)
 B - a wand of iceblast (9/15)
 J - a wand of disintegration (8/24)
 P - a wand of lightning (9/15)
 U - a wand of acid (6/15)
Scrolls
 c - 2 scrolls of blinking {unknown}
 g - 2 scrolls of recharging {unknown}
 h - 2 scrolls of enchant armour
 o - a scroll of teleportation {unknown}
 p - 4 scrolls of remove curse
 s - a scroll of noise {unknown}
 v - 2 scrolls of fog
 x - 4 scrolls of enchant weapon
 y - a scroll of immolation {unknown}
 E - a scroll of summoning {unknown}
 F - 4 scrolls of fear
 L - a scroll of acquirement {unknown}
 V - a scroll of amnesia {unknown}
 Z - a scroll of magic mapping {unknown}
Potions
 a - a potion of agility
 b - 2 potions of cancellation
 d - a potion of heal wounds {unknown}
 i - a potion of magic
 l - a potion of cure mutation {unknown}
 m - 5 potions of curing
 n - a potion of brilliance {unknown}
 r - a potion of degeneration {unknown}
 w - 3 potions of ambrosia
 z - 2 potions of lignification
 G - 2 potions of flight
 M - a potion of mutation {unknown}
 N - a potion of berserk rage {unknown}
 T - a potion of invisibility {unknown}
 Y - a potion of haste {unknown}
Comestibles
 f - 10 bread rations
 A - 3 meat rations


   Skills:
 * Level 13.0(18.0) Fighting
 - Level 14.0(19.0) Long Blades
 - Level 11.5(16.5) Armour
 * Level 10.7(15.7) Dodging
   Level 3.6(8.6) Shields


You had 11 spell levels left.
You didn't know any spells.

Dungeon Overview and Level Annotations

Branches:
Dungeon (10/15)            Temple (1/1) D:6            Lair (3/6) D:10
  Swamp (0/4) Lair:3       Spider (0/4) Lair:3
    Orc: D:9-12

Altars:
Ashenzari
Cheibriados
Dithmenos
Elyvilon
Fedhas
Gozag
Hepliaklqana
Kikubaaqudgha
Makhleb
Nemelex Xobeh
Okawaru
Qazlal
Ru
Sif Muna
Trog
Uskayaw
Vehumet
Xom
Yredelemnul
Zin
The Shining One

Shops:
D:4 [[*   D:5 (   D:7 (

Annotations:
Lair:3 Rupert, Urug


Innate Abilities, Weirdness & Mutations

You reflexively headbutt those who attack you in melee.
You have a pair of horns on your head.


Message History

You hit Urug but do no damage.
Urug is heavily wounded.
Rupert hits you with a great mace of protection!
* * * LOW HITPOINT WARNING * * *
You block the rime drake's attack.
You can now deal lightning-fast blows.
Urug hits you with a double sword of holy wrath.
* * * LOW HITPOINT WARNING * * *
Rupert completely misses you. The rime drake breathes ice at you.
The flash freeze hits you!
* * * LOW HITPOINT WARNING * * *
You are encased in ice.
You barely miss Urug. You headbutt Urug!
Urug is heavily wounded.
You block Urug's attack.
You slice Urug!! You freeze Urug. You headbutt Urug, but do no damage.
Urug is almost dead.
Rupert hits you with a great mace of protection!!
You die...

......# ## ........#..##
##........ ... .
#P.......##.###.. ##
#......>......# #.
#.............#. #>.
#.#......@Po....P. ##...
#........@k###.. #....#
#.....<((........ #...
##....#........P.#.###.#..
#....##.##..#...#.#P.###.
#....#.## .#....#......##
##....P. ##............#
#.....P.## #..............
##.....#.####.............
#.......##..#.........##.#


You could see Rupert (berserk), Urug and a rime drake.

Vanquished Creatures
  A hydra (Lair:2)
  2 hill giants (D:10)
  Pikel (D:4)
  An ugly thing (D:10)
  6 elephants (Lair:3)
  3 black mambas
  2 spiny frogs (Lair:1)
  A rime drake (Lair:1)
  A troll (D:9)
  13 blink frogs
  5 hippogriffs
  Sigmund (D:6)
  20 yaks
  2 hungry ghosts
  A basilisk (Lair:1)
  A steam dragon (D:8)
  Edmund (D:6)
  6 porcupines
  4 water moccasins
  3 orc warriors (D:7)
  4 slaves (D:3)
  An ice beast (D:5)
  A black bear (D:9)
  2 sky beasts
  A phantom (D:6)
  The ghost of Paps the Covered, an amateur MiFi of Okawaru (D:3)
  4 ogres
  10 wolves
  4 centaurs
  6 crocodiles
  2 big kobolds
  A gnoll sergeant (D:9)
  15 bullfrogs
  A wyvern zombie (D:10)
  2 scorpions (Lair:3)
  3 killer bees (D:9)
  18 wights
  A crimson imp (D:8)
  A bullfrog zombie (D:8)
  6 hounds
  A quasit (D:10)
  A jelly (D:9)
  3 bullfrog skeletons
  Crazy Yiuf (D:3)
  10 orc priests
  10 orc wizards
  7 iguanas
  10 worker ants
  A hound zombie (D:5)
  2 hound skeletons
  3 gnolls (D:9)
  10 adders
  A shadow imp (D:9)
  3 oozes
  2 adder skeletons
  3 worms
  3 dart slugs
  3 leopard geckos
  43 orcs
  6 giant cockroaches
  8 goblins
  7 hobgoblins
  16 jackals
  8 kobolds
  5 quokkas
  3 ball pythons
  5 bats
  3 frilled lizards
  A giant cockroach zombie (D:5)
  22 rats
360 creatures vanquished.

Vanquished Creatures (others)
  A bush (Lair:3)
  A fungus (Lair:1)
  2 plants (Lair:3)
4 creatures vanquished.

Grand Total: 364 creatures vanquished

Notes
Turn   | Place    | Note
-------+----------+-------------------------------------------
     0 | D:1      | Messajah the Minotaur Fighter began the quest for the Orb.
     0 | D:1      | Reached XP level 1. HP: 19/19 MP: 0/0
   136 | D:1      | Reached skill level 3 in Long Blades
   137 | D:1      | Reached XP level 2. HP: 17/26 MP: 1/1
   415 | D:1      | Reached skill level 4 in Long Blades
   566 | D:1      | Reached XP level 3. HP: 31/31 MP: 2/2
   921 | D:2      | Reached skill level 5 in Long Blades
  1012 | D:2      | Reached XP level 4. HP: 39/39 MP: 3/3
  1049 | D:2      | Found a stormy altar of Qazlal.
  1442 | D:3      | Noticed Paps's ghost (amateur MiFi)
  1458 | D:3      | Killed Paps's ghost
  1458 | D:3      | Reached skill level 7 in Long Blades
  1458 | D:3      | Reached XP level 5. HP: 21/45 MP: 4/4
  2127 | D:3      | Found a runed door.
  2131 | D:3      | Noticed Crazy Yiuf
  2140 | D:3      | Killed Crazy Yiuf
  2518 | D:4      | Noticed Pikel
  2518 | D:4      | Noticed a slave
  2518 | D:4      | Noticed a slave
  2518 | D:4      | Noticed a slave
  2518 | D:4      | Noticed a slave
  2530 | D:3      | Killed a slave
  2553 | D:3      | Killed a slave
  2558 | D:3      | Killed a slave
  2559 | D:3      | Killed a slave
  2819 | D:4      | Killed Pikel
  2819 | D:4      | Reached skill level 10 in Long Blades
  2819 | D:4      | Reached XP level 6. HP: 36/51 MP: 5/5
  2819 | D:4      | Reached XP level 7. HP: 40/57 MP: 6/6
  2910 | D:4      | Found Fumosh's Antique Armour Boutique.
  3110 | D:4      | Found Jaoliule's Assorted Antiques.
  3206 | D:4      | Got a slimy long sword
  3207 | D:4      | Identified the +6 long sword of the Extremes {freeze, rElec MP+9 Str-2} (You found it on level 4 of the Dungeon)
  3270 | D:4      | Found a burning altar of Makhleb.
  3273 | D:4      | Found a snail-covered altar of Cheibriados.
  3276 | D:4      | Found a deep blue altar of Sif Muna.
  3373 | D:4      | Found Rown's Armour Emporium.
  3714 | D:5      | Entered Level 5 of the Dungeon
  3780 | D:5      | Found Yroekhly's Weapon Emporium.
  3786 | D:5      | Reached skill level 11 in Long Blades
  3786 | D:5      | Reached XP level 8. HP: 45/64 MP: 7/7
  3959 | D:5      | Found a hide-covered altar of Uskayaw.
  4103 | D:5      | Found a shadowy altar of Dithmenos.
  4287 | D:5      | Reached skill level 12 in Long Blades
  4577 | D:6      | Noticed Sigmund
  4590 | D:6      | Killed Sigmund
  4729 | D:6      | Noticed Edmund
  4737 | D:6      | Killed Edmund
  4737 | D:6      | Reached skill level 13 in Long Blades
  4938 | D:6      | Reached XP level 9. HP: 70/70 MP: 8/8
  5134 | D:6      | Reached skill level 1 in Dodging
  5427 | D:6      | Found a staircase to the Ecumenical Temple.
  5436 | Temple   | Entered the Ecumenical Temple
  5442 | Temple   | Became a worshipper of Warmaster Okawaru
  5938 | D:7      | Reached * piety under Okawaru
  6277 | D:7      | Found Irphidec's Antique Weapon Emporium.
  6417 | D:7      | Reached skill level 5 in Armour
  6454 | D:8      | Reached skill level 5 in Fighting
  6828 | D:8      | Reached skill level 5 in Dodging
  7257 | D:8      | Reached ** piety under Okawaru
  7257 | D:8      | Reached XP level 10. HP: 80/83 MP: 9/9
  7304 | D:8      | Reached skill level 14 in Long Blades
  8014 | D:9      | Reached *** piety under Okawaru
  8354 | D:9      | Found a shattered altar of Ashenzari.
  8862 | D:10     | Entered Level 10 of the Dungeon
  8873 | D:10     | Noticed a brown ugly thing
  8884 | D:10     | Killed a brown ugly thing
  9029 | D:10     | Noticed a hill giant
  9038 | D:10     | Killed a hill giant
  9195 | D:10     | Found a staircase to the Lair.
  9220 | D:10     | Noticed a hill giant
  9227 | D:10     | Killed a hill giant
  9227 | D:10     | Reached XP level 11. HP: 70/97 MP: 10/10
  9677 | Lair:1   | Entered Level 1 of the Lair of Beasts
  9717 | Lair:1   | Reached **** piety under Okawaru
 10213 | Lair:1   | Reached skill level 10 in Fighting
 10213 | Lair:1   | Reached skill level 10 in Armour
 10670 | Lair:1   | Reached ***** piety under Okawaru
 11466 | Lair:2   | Received a gift from Okawaru
 12109 | Lair:2   | Received a gift from Okawaru
 12121 | Lair:2   | Reached XP level 12. HP: 100/110 MP: 11/11
 12231 | Lair:2   | Got a transparent chain mail
 12242 | Lair:2   | Identified the +4 chain mail "Beuthriq" {rPois Str+2} (You found it on level 2 of the Lair of Beasts)
 12450 | Lair:3   | Received a gift from Okawaru
 12753 | Lair:3   | Reached skill level 10 in Dodging
 12775 | Lair:3   | Found a hole to the Spider Nest.
 12785 | Lair:3   | Found a staircase to the Swamp.
 13060 | Lair:3   | Noticed a death yak
 13061 | Lair:3   | Noticed a death yak
 13062 | Lair:3   | Noticed a death yak
 13062 | Lair:3   | Noticed a death yak
 13063 | Lair:3   | Noticed a death yak
 13106 | Lair:3   | Noticed a six-headed hydra
 13111 | Lair:3   | Noticed a death yak
 13129 | Lair:2   | Killed a 15-headed hydra
 13434 | Lair:3   | Noticed Urug
 13435 | Lair:3   | Noticed Rupert
 13448 | Lair:3   | Slain by Rupert

Skill      XL: |  1  2  3  4  5  6  7  8  9 10 11 12 |
---------------+-------------------------------------+-----
Long Blades    | 3 4 5 7 10 11 13 14 | 14.0
Dodging        | 6 7 9 10 | 10.7
Armour         | 5 9 11 | 11.5
Fighting       | 5 9 11 13 | 13.0
Shields        | |  3.6

Action                   |  1- 3 |  4- 6 |  7- 9 | 10-12 || total
-------------------------+-------+-------+-------+-------++-------
Melee: Long sword        |    76 |   155 |   297 |   523 ||  1051
       Headbutt          |    10 |    30 |    58 |   127 ||   225
       Punch             |       |       |       |     1 ||     1
Throw: Javelin           |       |       |       |    10 ||    10
Invok: Heroism           |       |       |       |     2 ||     2
       Finesse           |       |       |       |     1 ||     1
Evoke: Wand              |       |       |     6 |       ||     6
  Use: Potion            |       |     1 |       |     2 ||     3
       Scroll            |       |       |     1 |    16 ||    17
  Eat: Chunk             |       |     5 |     1 |    11 ||    17
       Fruit             |       |     1 |    24 |     7 ||    32
       Beef jerky        |       |       |     2 |     1 ||     3
       Pizza             |       |       |       |     1 ||     1
Armor: Chain mail        |    47 |    83 |    97 |    85 ||   312
       Scale mail        |     1 |       |       |       ||     1
       Plate armour      |       |       |    72 |   194 ||   266
Dodge: Dodged            |    38 |    50 |    79 |   215 ||   382
Block: Shield            |     3 |       |       |       ||     3
       Other             |       |       |       |    77 ||    77
       Rpst.: Long sword |    16 |    13 |    19 |    55 ||   103
